 Dungeon Crawl Stone Soup version 0.14-a0-3563-g07d0f32 (webtiles) character file.

309 4tharraofdagon the Chopper (level 5, 1/45 HPs)
             Began as a Hill Orc Gladiator on Mar 29, 2014.
             Was an Initiate of the Shining One.
             Quit the game on Level 10 of the Dungeon.
             The game lasted 00:06:48 (1293 turns).

4tharraofdagon the Chopper (Hill Orc Gladiator)     Turns: 1293, Time: 00:06:49

HP   1/45        AC  4     Str 18      XL: 5   Next: 38%
MP   5/5         EV 11     Int 13      God: the Shining One [......]
Gold 152         SH  0     Dex 11      Spells:  0 memorised,  4 levels left

rFire  . . .     SeeInvis .     a - +1,+0 war axe
rCold  . . .     Clarity  .     p - +0 leather armour "Khipref" {rPois Int+4}
rNeg   . . .     Conserve .     (no shield)
rPois  +         rCorr    .     c - +0 helmet
rElec  .         rRot     .     (no cloak)
SustAb . .       Spirit   .     (no gloves)
rMut   .         Warding  .     (no boots)
Saprov + . .     Rnd*Tele +     (no amulet)
MR     .....                    j - cursed ring of teleportation
                                q - ring of flight

@: not resistant to hostile enchantments, very unstealthy
A: saprovore 1
a: Renounce Religion, Evoke Flight, Evoke Teleportation


You were on level 10 of the Dungeon.
You worshipped the Shining One.
The Shining One was noncommittal.
You were near starving.

You visited 2 branches of the dungeon, and saw 10 of its levels.

You collected 152 gold pieces.

Inventory:

Hand weapons
 a - a +1,+0 war axe (weapon)
Missiles
 d - 2 throwing nets (quivered)
Armour
 b - a +0 leather armour
 c - a +0 helmet (worn)
 l - a +0 ring mail
 p - the +0 leather armour "Khipref" (worn) {rPois Int+4}
   (You found it on level 4 of the Dungeon)

   It affects your intelligence (+4).
   It protects you from poison.
Magical devices
 i - a wand of random effects (0)
Comestibles
 f - 4 meat rations
 m - a pear
 n - 3 bread rations
Scrolls
 e - 4 scrolls of fog
 g - a scroll of identify
 k - 2 scrolls of enchant weapon II
Jewellery
 j - a cursed ring of teleportation (right hand)
 q - a ring of flight (left hand)
Potions
 h - a potion of agility


   Skills:
 + Level 3.5 Fighting
 * Level 6.2 Axes
 - Level 2.0 Throwing
 + Level 2.7 Armour
 - Level 2.4 Dodging


You had 4 spell levels left.
You didn't know any spells.

Dungeon Overview and Level Annotations

Branches:
Dungeon (10/15)            Temple (1/1) D:5
    Orc: D:9-12        Lair: D:8-11

Altars:
Cheibriados
Elyvilon
Kikubaaqudgha
Makhleb
Nemelex Xobeh
Vehumet
Xom
Zin
The Shining One

Shops:
D:4 *   D:10 (

Annotations:
D:5 4tharraofdagon's ghost, average TrMo
D:6 Dowan; Duvessa; Eustachio
D:10 Urug


Innate Abilities, Weirdness & Mutations

You can tolerate rotten meat.


Message History

The ball of steam hits you!
Ouch! That really hurt!
* * * LOW HITPOINT WARNING * * *
You hear a shout! x2
There is a shaft here.
You fall through a shaft!
The shaft crumbles and collapses.
A hill giant and a phantom come into view.
The hill giant shouts!
Found Bruonaq's Antique Weapon Emporium.
The Shining One seems mollified.
Urug comes into view.
He is wielding a battleaxe.
Urug shouts!
The phantom hits you.
* * * LOW HITPOINT WARNING * * *
The phantom blinks!
Urug throws a javelin.
The javelin hits you! The Shining One protects you from harm!
You see here a javelin.
Unknown command.
Are you sure you want to abandon this character and quit the game? (Confirm with "yes".)

.###### .......#
........# .#
.........# .# #
.o.......# .#.#
.........###.#.#
.........@......##
#.......(..p.....#
........§.C......#
#########.......#
#...∩...#
#.......#
.#####.## .. # ...


You could see Urug, a hill giant and a phantom.

Vanquished Creatures
  A black bear skeleton (D:4)
  A worker ant (D:4)
  A worker ant zombie (D:3)
  4 adders
  2 worms
  An adder skeleton (D:7)
  A giant gecko (D:4)
  3 oozes
  An orc (D:3)
  2 bat skeletons (D:3)
  2 goblins
  3 hobgoblins
  3 jackals
  4 kobolds
  5 bats
  A giant mite zombie (D:3)
  2 giant newts
  A goblin skeleton (D:3)
  A hobgoblin zombie (D:3)
  2 orc skeletons
  An orc zombie (D:5)
  A quokka (D:3)
  A quokka zombie (D:5)
  2 rats (D:4)
46 creatures vanquished.

Notes
Turn   | Place    | Note
--------------------------------------------------------------
     0 | D:1      | 4tharraofdagon, the Hill Orc Gladiator, began the quest for the Orb.
     0 | D:1      | Reached XP level 1. HP: 18/18 MP: 1/1
   279 | D:2      | Reached skill level 1 in Armour
   279 | D:2      | Reached XP level 2. HP: 16/25 MP: 2/2
   296 | D:2      | Reached XP level 3. HP: 18/30 MP: 3/3
   389 | D:3      | Reached skill level 5 in Axes
   512 | D:4      | Reached XP level 4. HP: 15/38 MP: 4/4
   740 | D:4      | Found Zin's Purification Station.
   742 | D:4      | Found a glowing silver altar of Zin.
   748 | D:4      | Reached skill level 6 in Axes
   748 | D:4      | Reached XP level 5. HP: 23/45 MP: 5/5
   816 | D:4      | Got a jewelled leather armour
   826 | D:4      | Identified the +0 leather armour "Khipref" {rPois Int+4} (You found it on level 4 of the Dungeon)
   857 | D:5      | Entered Level 5 of the Dungeon
   857 | D:5      | Found a staircase to the Ecumenical Temple.
   864 | Temple   | Entered the Ecumenical Temple
   876 | Temple   | Became a worshipper of the Shining One
   945 | D:5      | Noticed 4tharraofdagon's ghost (average TrMo)
   957 | D:6      | Noticed a sky beast
  1046 | D:6      | Noticed Duvessa
  1046 | D:6      | Noticed Dowan
  1054 | D:6      | Found a radiant altar of Vehumet.
  1054 | D:6      | Noticed Eustachio
  1204 | D:7      | Noticed a centaur
  1206 | D:7      | Was placed under penance by the Shining One
  1208 | D:7      | a centaur changed into an ooze
  1282 | D:8      | Noticed a steam dragon
  1283 | D:8      | Noticed a steam dragon
  1288 | D:8      | You fall through a shaft!
  1288 | D:10     | Entered Level 10 of the Dungeon
  1288 | D:10     | Found Bruonaq's Antique Weapon Emporium.
  1288 | D:10     | Noticed a phantom
  1288 | D:10     | Noticed a hill giant
  1291 | D:10     | Noticed Urug
  1291 | D:10     | Was forgiven by the Shining One
  1291 | D:10     | HP: 1/45 [phantom (6)]
  1291 | D:10     | The Shining One protects you from harm!
  1293 | D:10     | Quit the game

Action                   |  1- 3 |  4- 6 || total
-------------------------+-------+-------++-------
Melee: War axe           |    69 |    68 ||   137
Throw: Throwing net      |     4 |     1 ||     5
Evoke: Wand              |       |     6 ||     6
  Use: Potion            |     4 |     1 ||     5
       Scroll            |       |     6 ||     6
 Stab: Held in net/web   |     2 |     1 ||     3
